 Dungeon Sprint DCSS version 0.21.0-24-g2553a33 (webtiles) character file.

38707 wojtek the Executioner (level 12, -8/125 (127) HPs)
             Began as a Minotaur Berserker on Jan 21, 2018.
             Was a High Priest of Trog.
             Mangled by Polyphemus (20 damage)
             ... in the Dungeon (Sprint III: "The Ten Rune Challenge").
             The game lasted 00:11:28 (4940 turns).

wojtek the Executioner (Minotaur Berserker)         Turns: 4940, Time: 00:11:29

HP:   -8/125 (127)  AC: 18    Str: 26    XL:     12   Next: 91%
MP:   11/11         EV: 15    Int:  4    God:    Trog [*****.]
Gold: 5290          SH:  0    Dex: 11    Spells: 11/11 levels left

rFire    . . .     SeeInvis .   C - +3 executioner's axe (flame)
rCold    . . .     Gourm    .   (shield currently unavailable)
rNeg     . . .     Faith    .   y - +0 plate armour
rPois    .         Spirit   .   D - +0 hat
rElec    .         Reflect  .   (no cloak)
rCorr    .         Harm     .   (no gloves)
MR       .....     NoTele   +   (no boots)
Stlth    ..........             (no amulet)
HPRegen  0.30/turn              (no ring)
MPRegen  0.12/turn              (no ring)

@: no status effects
A: retaliatory headbutt, horns 2
}: 1/10 runes: serpentine
a: Berserk, Trog's Hand, Brothers in Arms, Burn Spellbooks, Renounce Religion


You were in the Dungeon.
You worshipped Trog.
Trog was extremely pleased with you.
You were hungry.

You visited 1 branch You collected 5290 gold pieces.

Inventory:

Hand Weapons
 a - a +0 hand axe
 b - a +2 vampiric executioner's axe
 u - a +2 broad axe of chopping
 v - a +3 battleaxe of flaming
 w - a +4 broad axe of electrocution
 z - a +2 antimagic broad axe
 A - the +4 battleaxe of Vikhoh {elec, rC- MR+ Str+3}
   (Trog gifted it to you in the Dungeon)

   Occasionally, upon striking a foe, it will discharge some electrical energy
   and cause terrible harm.
   It affects your strength (+3).
   It makes you vulnerable to cold.
   It affects your resistance to hostile enchantments.
 C - a +3 executioner's axe of flaming (weapon)
 E - a +1 executioner's axe of freezing
 F - a +2 vampiric battleaxe
 H - a +2 antimagic battleaxe
 I - a +5 broad axe of flaming
Armour
 x - a +2 chain mail of fire resistance
 y - a +0 plate armour (worn)
 B - a +0 scale mail of cold resistance
 D - a +0 hat (worn)
Jewellery
 k - an uncursed ring of ice
Wands
 l - a wand of random effects (24)
 t - a wand of enslavement (10)
Scrolls
 i - a scroll of blinking
 n - a scroll of immolation {unknown}
 o - 3 scrolls of identify
 p - 3 scrolls of remove curse
 s - a scroll of torment {unknown}
Potions
 d - 2 potions of curing
 e - 2 potions of heal wounds
 f - a potion of haste
 g - 2 potions of magic
 h - a potion of berserk rage
 m - 4 potions of mutation {unknown}
 q - 2 potions of might
 r - 2 potions of flight {unknown}
Miscellaneous
 j - a fan of gales
Comestibles
 c - 10 rations


   Skills:
 + Level 17.7 Fighting
 * Level 23.3 Axes
 + Level 17.6 Armour
 + Level 16.3 Dodging


You had 11 spell levels left.
You didn't know any spells.

Dungeon Overview and Level Annotations

Branches:
Dungeon (1/1)

Altars:
Cheibriados
Dithmenos
Elyvilon
Fedhas
Gozag
Hepliaklqana
Kikubaaqudgha
Makhleb
Nemelex Xobeh
Okawaru
Qazlal
Ru
Sif Muna
Trog
Uskayaw
Vehumet
Wu Jian
Xom
Yredelemnul
Zin
The Shining One
Beogh
Jiyva
Lugonu

Shops:
D !}([

Annotations:
D Polyphemus


Innate Abilities, Weirdness & Mutations

You reflexively headbutt those who attack you in melee.
You have a pair of horns on your head.


Message History

You start waiting.
Polyphemus hits you!! Polyphemus hits you!
You slash Polyphemus! You burn Polyphemus.
You headbutt Polyphemus, but do no damage.
Polyphemus is lightly wounded.
Polyphemus hits you. x2
You hit Polyphemus but do no damage. You headbutt Polyphemus.
Polyphemus is lightly wounded.
Polyphemus hits you but does no damage. Polyphemus hits you!
You slash Polyphemus! You burn Polyphemus.
Polyphemus is moderately wounded.
Polyphemus hits you!! Polyphemus hits you but does no damage.
You are too injured to fight recklessly!
You are too injured to fight recklessly!
You slice Polyphemus!! You burn Polyphemus.
Polyphemus is heavily wounded.
Polyphemus hits you!!
* * * LOW HITPOINT WARNING * * *
Polyphemus hits you!!
You die...

♣♣♣♣♣♣♣#.)♣♣ ♣♣♣##+## ♣
###'♣♣♣♣♣♣♣♣♣♣♣♣♣♣♣ ##♣
♣♣♣♣.##..##≈≈≈≈≈≈..#
..♣♣
♣...##.##.#≈≈≈≈≈§..#
##'♣
♣♣.##.##(##÷≈≈≈≈§####
...♣
♣..#÷##...#≈≈..§..§§
####♣♣
♣♣.##.##.(#≈..+####
.....♣ ♣♣.##.#####...#
.....♣ ♣.....##.@....#
#'#############C######
#...........##▓≈≈≈≈≈≈≈≈
#............#▓≈≈≈≈≈≈≈≈
###########..#▓≈≈≈YC≈≈≈
##...........#▓≈≈.Y.Y≈≈
#...........##▓≈≈≈..≈≈≈
#..########## ▓≈≈≈≈≈≈≈≈
#...........##▓≈≈≈≈≈≈≈≈


You could see Polyphemus.

Vanquished Creatures
  A dire elephant (D)
  A naga warrior (D)
  A centaur warrior (D)
  2 hydras (D)
  5 anacondas (D)
  Erica (D)
  2 death yaks (D)
  Urug (D)
  An unseen horror (D)
  A lindwurm (D)
  A deep elf mage (D)
  A guardian serpent (D)
  6 black mambas (D)
  2 spiny frogs (D)
  A komodo dragon (D)
  A rime drake (D)
  3 wandering mushrooms (D)
  A queen bee (D)
  8 blink frogs (D)
  2 tyrant leeches (D)
  3 dream sheep (D)
  A shadow (D)
  3 redbacks (D)
  A spatial vortex (D)
  4 water moccasins (D)
  An orc warrior (D)
  A swamp drake (D)
  A necrophage (D)
  2 centaurs (D)
  An earth elemental (D)
  A water elemental (D)
  26 killer bees (D)
  An electric eel (D)
  A jelly (D)
  An orc wizard (D)
  Jessica (D)
  A wizard (D)
  A necromancer (D)
  3 humans (D)
  A kobold demonologist (D)
  A wolf (D)
  4 adders (D)
  An orc (D)
  4 rats (D)
107 creatures vanquished.

Vanquished Creatures (collateral kills)
  Rupert (D)
  Gastronok (D)
  A nagaraja (D)
  A dire elephant (D)
  2 death yaks (D)
  An orc high priest (D)
  A death drake (D)
  2 elephants (D)
  2 nagas (D)
  4 orc warriors (D)
  6 killer bees (D)
  An orc priest (D)
  3 orc wizards (D)
  5 orcs (D)
31 creatures vanquished.

Vanquished Creatures (others)
  2 draconian scorchers (D)
  2 yaktaurs (D)
  6 hellions (D)
  11 plants (D)
21 creatures vanquished.

Grand Total: 159 creatures vanquished

Notes
Turn   | Place    | Note
-------+----------+-------------------------------------------
     0 | D        | wojtek the Minotaur Berserker began the quest for the Orb.
     0 | D        | Reached XP level 1. HP: 19/19 MP: 0/0
     4 | D        | Reached skill level 4 in Axes
    12 | D        | Noticed Jessica
    14 | D        | Killed Jessica
    14 | D        | Reached ** piety under Trog
    14 | D        | Reached skill level 5 in Axes
    14 | D        | Reached XP level 2. HP: 28/28 MP: 1/1
    58 | D        | Reached skill level 5 in Fighting
    58 | D        | Reached skill level 6 in Axes
    58 | D        | Reached XP level 3. HP: 20/36 MP: 2/2
    79 | D        | Killed a hellion
    81 | D        | Killed a hellion
   102 | D        | Killed a yaktaur
   117 | D        | Killed a white draconian scorcher
   126 | D        | Killed a hellion
   130 | D        | Killed a hellion
   167 | D        | Killed a white draconian scorcher
   168 | D        | Killed a hellion
   286 | D        | Noticed a water elemental
   293 | D        | Killed a water elemental
   293 | D        | Reached *** piety under Trog
   293 | D        | Reached skill level 8 in Axes
   293 | D        | Reached skill level 5 in Armour
   293 | D        | Reached skill level 5 in Dodging
   293 | D        | Reached XP level 4. HP: 44/44 MP: 3/3
   340 | D        | Found a radiant altar of Vehumet.
   340 | D        | Found a deep blue altar of Sif Muna.
   340 | D        | Found an ancient bone altar of Kikubaaqudgha.
   340 | D        | Noticed a wizard
   344 | D        | Killed a wizard
   344 | D        | Reached XP level 5. HP: 51/51 MP: 4/4
   347 | D        | Reached **** piety under Trog
   391 | D        | Found a glowing silver altar of Zin.
   392 | D        | Found a glowing golden altar of the Shining One.
   392 | D        | Found a white marble altar of Elyvilon.
   392 | D        | Noticed a deep elf mage
   399 | D        | Killed a deep elf mage
   399 | D        | Reached ***** piety under Trog
   399 | D        | Reached skill level 11 in Axes
   399 | D        | Reached XP level 6. HP: 35/63 MP: 5/5
   399 | D        | Reached XP level 7. HP: 38/70 MP: 6/6
   478 | D        | Killed a hellion
   548 | D        | Found a hide-covered altar of Uskayaw.
   548 | D        | Found an iron altar of Okawaru.
   549 | D        | Found a roughly hewn altar of Beogh.
   549 | D        | Found a bloodstained altar of Trog.
   549 | D        | Found an ornate altar of the Wu Jian Council.
   549 | D        | Noticed a human
   549 | D        | Noticed a human
   555 | D        | Killed a human
   555 | D        | Reached skill level 12 in Axes
   562 | D        | Killed a human
   643 | D        | Found a basalt altar of Yredelemnul.
   643 | D        | Found a shadowy altar of Dithmenos.
   643 | D        | Found a sacrificial altar of Ru.
   647 | D        | Received a gift from Trog
   652 | D        | Reached skill level 10 in Fighting
   652 | D        | Reached skill level 13 in Axes
   792 | D        | Noticed a shadow
   798 | D        | Killed a shadow
   798 | D        | Reached XP level 8. HP: 56/78 MP: 7/7
   893 | D        | Found a blossoming altar of Fedhas.
   893 | D        | Found a stormy altar of Qazlal.
   893 | D        | Found a snail-covered altar of Cheibriados.
   893 | D        | Found a burning altar of Makhleb.
   893 | D        | Found a shimmering altar of Xom.
   894 | D        | Found a hazy altar of Hepliaklqana.
   894 | D        | Found an opulent altar of Gozag.
   894 | D        | Found a sparkling altar of Nemelex Xobeh.
   894 | D        | Found a corrupted altar of Lugonu.
   894 | D        | Found a viscous altar of Jiyva.
   902 | D        | Reached skill level 10 in Armour
   966 | D        | Noticed Erica
   978 | D        | Killed Erica
   978 | D        | Reached skill level 14 in Axes
   978 | D        | Reached skill level 10 in Dodging
  1149 | D        | Found a roughly hewn altar of Beogh.
  1149 | D        | Noticed an orc high priest
  1152 | D        | Killed an orc high priest
  1152 | D        | Reached skill level 15 in Axes
  1152 | D        | Reached XP level 9. HP: 71/88 MP: 8/8
  1156 | D        | Reached ****** piety under Trog
  1160 | D        | Received a gift from Trog
  1169 | D        | Received a gift from Trog
  1170 | D        | Found Tetupt's Antique Armour Boutique.
  1486 | D        | Noticed a centaur warrior
  1492 | D        | Reached skill level 16 in Axes
  1493 | D        | Killed a centaur warrior
  1493 | D        | Received a gift from Trog
  1600 | D        | Killed an unseen horror
  1600 | D        | Reached skill level 17 in Axes
  1600 | D        | Reached XP level 10. HP: 83/99 MP: 9/9
  1692 | D        | Received a gift from Trog
  1714 | D        | Received a gift from Trog
  1726 | D        | Received a gift from Trog
  1978 | D        | Received a gift from Trog
  1978 | D        | Reached skill level 18 in Axes
  2233 | D        | Noticed a spiny frog
  2233 | D        | Noticed a spiny frog
  2238 | D        | Killed a spiny frog
  2240 | D        | Killed a spiny frog
  2291 | D        | Received a gift from Trog
  2308 | D        | Reached skill level 19 in Axes
  2308 | D        | Reached XP level 11. HP: 98/110 MP: 10/10
  2361 | D        | Noticed Rupert
  2370 | D        | Killed Rupert
  2370 | D        | Received a gift from Trog
  2576 | D        | Reached skill level 15 in Fighting
  2582 | D        | Noticed a dire elephant
  2582 | D        | Noticed a dire elephant
  2582 | D        | Noticed Gastronok
  2587 | D        | Killed Gastronok
  2587 | D        | Reached skill level 20 in Axes
  2587 | D        | Reached skill level 15 in Armour
  2595 | D        | Killed a dire elephant
  2597 | D        | Killed a dire elephant
  2785 | D        | Noticed a death yak
  2786 | D        | Noticed a death yak
  2788 | D        | Noticed a death yak
  2795 | D        | Killed a death yak
  2798 | D        | Killed a death yak
  2798 | D        | Received a gift from Trog
  2806 | D        | Noticed a death yak
  2809 | D        | Killed a death yak
  2812 | D        | Killed a death yak
  2812 | D        | Reached skill level 21 in Axes
  2987 | D        | Received a gift from Trog
  2994 | D        | Reached XP level 12. HP: 102/121 MP: 11/11
  3091 | D        | Noticed an azure jelly
  3091 | D        | Noticed an azure jelly
  3099 | D        | Noticed an anaconda
  3107 | D        | Killed an anaconda
  3181 | D        | Noticed an anaconda
  3181 | D        | Noticed an anaconda
  3186 | D        | Killed an anaconda
  3186 | D        | Reached skill level 15 in Dodging
  3191 | D        | Killed an anaconda
  3191 | D        | Received a gift from Trog
  3300 | D        | Noticed an anaconda
  3309 | D        | Killed an anaconda
  3312 | D        | Reached skill level 22 in Axes
  3341 | D        | Noticed an anaconda
  3350 | D        | Received a gift from Trog
  3354 | D        | Killed an anaconda
  3431 | D        | Got a pitted battleaxe {god gift}
  3434 | D        | Identified the +4 battleaxe of Vikhoh {elec, rC- MR+ Str+3} (Trog gifted it to you in the Dungeon)
  3721 | D        | Noticed a naga warrior
  3721 | D        | Noticed a nagaraja
  3742 | D        | Killed a naga warrior
  3742 | D        | Received a gift from Trog
  3745 | D        | Killed a nagaraja
  3977 | D        | Found Pol Geqo's Distillery.
  3977 | D        | Found Lymouph's Gadget Emporium.
  3979 | D        | Found Kecsausy's Antique Weapon Shop.
  3996 | D        | Got a serpentine rune of Zot
  4118 | D        | Received a gift from Trog
  4635 | D        | Noticed Urug
  4638 | D        | Killed Urug
  4638 | D        | Reached skill level 23 in Axes
  4647 | D        | Noticed a six-headed hydra
  4647 | D        | Noticed a six-headed hydra
  4656 | D        | Killed a five-headed hydra
  4657 | D        | Killed a five-headed hydra
  4657 | D        | Received a gift from Trog
  4920 | D        | Noticed Polyphemus
  4940 | D        | Mangled by Polyphemus

Skill      XL: |  1  2  3  4  5  6  7  8  9 10 11 12 |
---------------+-------------------------------------+-----
Axes           | 5 6 8 11 13 15 17 19 21 23 | 23.3
Fighting       | 4 5 6 9 10 11 12 14 16 17 | 17.7
Armour         | 3 4 5 8 9 11 12 14 15 17 | 17.6
Dodging        | 3 4 5 7 9 10 11 13 14 16 | 16.3

Action                   |  1- 3 |  4- 6 |  7- 9 | 10-12 || total
-------------------------+-------+-------+-------+-------++-------
Melee: Hand axe          |    25 |     9 |    14 |       ||    48
       Headbutt          |     1 |     1 |    15 |    30 ||    47
       Broad axe         |       |       |    31 |       ||    31
       Battleaxe         |       |       |    24 |   135 ||   159
       Executioner's axe |       |       |       |    54 ||    54
Invok: Berserk           |     3 |     1 |     2 |     1 ||     7
       Burn Spellbooks   |       |     1 |     1 |       ||     2
       Brothers in Arms  |       |       |     1 |     8 ||     9
 Stab: Distracted        |       |       |       |     2 ||     2
  Eat: Ration            |       |     1 |     1 |     2 ||     4
       Chunk             |       |       |     1 |     8 ||     9
Armor: Animal skin       |     1 |       |       |       ||     1
       Chain mail        |       |       |    12 |    85 ||    97
       Plate armour      |       |       |       |     9 ||     9
Dodge: Dodged            |     8 |     2 |    32 |   135 ||   177
